 Dungeon Crawl Stone Soup version 0.18.1-6-gd335043 (webtiles) character file.

103 lightmor the Shield-Bearer (level 4, 0/36 HPs)
             Began as a Deep Dwarf Fighter on May 17, 2016.
             Slain by Sigmund
             ... wielding a +0 scythe of freezing
              (7 damage)
             ... on level 2 of the Dungeon.
             The game lasted 00:04:21 (1275 turns).

lightmor the Shield-Bearer (Deep Dwarf Fighter)     Turns: 1275, Time: 00:04:22

Health: 0/36       AC:  8    Str: 20    XL:     4   Next: 51%
Magic:  4/4        EV:  7    Int:  9    God:
Gold:   85         SH:  9    Dex: 12    Spells: 0 memorised, 3 levels left

rFire  . . .     SeeInvis .     a - +0 war axe
rCold  . . .     Gourm    .     b - +0 scale mail
rNeg   . . .     Faith    .     c - +0 shield
rPois  .         Spirit   .     (no helmet)
rElec  .         Dismiss  .     (no cloak)
rCorr  .         Reflect  .     g - +0 pair of gloves
SustAt .         Harm     .     (no boots)
MR     .....                    (no amulet)
Stlth  ..........               (no ring)
                                (no ring)

@: lethally poisoned (0 -> 0), non-regenerating, not resistant to hostile
enchantments, extremely unstealthy
A: damage resistance, recharge devices, frail 1, low mp 1, sense surroundings 2,
slow regeneration 3
a: Device Recharging


You were on level 2 of the Dungeon.
You were near starving.

You visited 1 branch of the dungeon, and saw 2 of its levels.

You collected 85 gold pieces.

Inventory:

Hand Weapons
 a - a +0 war axe (weapon)
Armour
 b - a +0 scale mail (worn)
 c - a +0 shield (worn)
 g - a +0 pair of gloves (worn)
Jewellery
 k - an uncursed ring of ice
Wands
 e - a wand of heal wounds (3/9)
Scrolls
 h - 3 scrolls of remove curse
 i - a scroll of identify
 n - 2 scrolls of noise {unknown}
 o - a scroll of enchant weapon {unknown}
 p - a scroll of enchant armour
 q - a scroll of teleportation {unknown}
Potions
 d - a potion of haste {unknown}
 l - a potion of ambrosia
Comestibles
 f - 3 bread rations
 j - a beef jerky
 m - a slice of pizza


   Skills:
 - Level 2.6 Fighting
 * Level 4.1 Axes
 - Level 3.2 Armour
 * Level 4.5 Shields
 * Level 1.0 Evocations


You had 3 spell levels left.
You didn't know any spells.

Dungeon Overview and Level Annotations

Branches:
Dungeon (2/15)

Altars:
Sif Muna

Annotations:
D:2 Sigmund


Innate Abilities, Weirdness & Mutations

You are resistant to damage.
You can recharge devices by infusing magical energy.
You passively map the area around you.
You do not regenerate naturally.
You are frail (-10% HP).
Your magical capacity is low (-10% MP).


Message History

Sigmund gestures wildly while chanting.
Sigmund flickers and vanishes!
Deactivating autopickup; reactivate with Ctrl-A.
No target in view!
No target in view!
No target in view!
No target in view!
No target in view!
No target in view!
You miss something. Something hits you but does no damage.
You barely miss something. Something hits you. Something freezes you.
You miss something. Something hits you. Something freezes you.
You miss something.
You hear some strange, mumbled words.
A puff of flame appears from out of thin air!
The puff of flame hits you!
* * * LOW HITPOINT WARNING * * *
Your shield and scale mail prevent you from hitting something.
Something hits you!
You die...

##...#..##......#.............#
##..##..#..##.................#
###.#.....#.........###.......#
##.................##*#.......#
...........##......##*........#
#........#####.@....##.########
....#............##....#
...............##{...###
[......###......@.#...#
######†.........?##.#.#
######††.........##...# *
#......#.........#....., , *
..#.##...##......#...... *
.......###########..[....,,*
.##....# #........ * .####### ,
, , ## , ,,


There were no monsters in sight!

Vanquished Creatures
  4 adders (D:2)
  A worm (D:2)
  2 dart slugs
  3 giant geckos
  5 bats
  6 giant cockroaches
  7 goblins
  4 hobgoblins
  6 jackals (D:2)
  2 ball pythons (D:2)
  A giant newt (D:1)
  8 kobolds
  5 rats
54 creatures vanquished.

Notes
Turn   | Place    | Note
--------------------------------------------------------------
     0 | D:1      | lightmor the Deep Dwarf Fighter began the quest for the Orb.
     0 | D:1      | Reached XP level 1. HP: 20/20 MP: 1/1
   160 | D:1      | Reached XP level 2. HP: 27/27 MP: 2/2
   516 | D:1      | Reached XP level 3. HP: 29/33 MP: 3/3
   652 | D:1      | Gained mutation: Your magical capacity is low (-10% MP). [potion of mutation]
   652 | D:1      | Gained mutation: You passively map the area around you. [potion of mutation]
   652 | D:1      | Gained mutation: You are frail (-10% HP). [potion of mutation]
   873 | D:2      | Reached XP level 4. HP: 26/36 MP: 3/3
   876 | D:2      | Noticed Sigmund
  1169 | D:2      | Found a deep blue altar of Sif Muna.
  1264 | D:2      | Reached skill level 1 in Evocations
  1275 | D:2      | Slain by Sigmund

Skill      XL: |  1  2  3  4 |
---------------+-------------+-----
Axes           | 3 4 |  4.1
Shields        | 4 |  4.5
Evocations     | 1 |  1.0
Fighting       | |  2.6
Armour         | |  3.2

Action                   |  1- 3 |  4- 6 || total
-------------------------+-------+-------++-------
Melee: War axe           |   117 |    61 ||   178
Evoke: Wand              |       |     2 ||     2
  Use: Scroll            |     4 |       ||     4
       Potion            |     1 |     1 ||     2
Armor: Scale mail        |    69 |    35 ||   104
Dodge: Dodged            |    42 |    16 ||    58
Block: Shield            |    70 |    40 ||   110
